 Dungeon Crawl Stone Soup version 0.31-a0-765-g67fe2935dc (webtiles) character file.

Game seed: 13061819241168384526

200 Aneyh the Chopper (level 5, -7/32 HPs)
             Began as a Tengu Monk on Sept 16, 2023.
             Mangled by an ogre
             ... wielding a +0 giant club
              (31 damage)
             ... on level 4 of the Dungeon.
             The game lasted 00:04:26 (2102 turns).

Aneyh the Chopper (Tengu Monk)                      Turns: 2102, Time: 00:04:27

Health: -7/32      AC:  3    Str: 13    XL:     5   Next: 79%
Magic:  6/6        EV: 13    Int: 11    God:
Gold:   71         SH:  0    Dex: 16    Spells: 4/4 levels left

rFire   . . .        i - +1 war axe (heavy)
rCold   . . .        (no shield)
rNeg    . . .        g - +0 leather armour
rPois   .            (helmet restricted)
rElec   .            (no cloak)
rCorr   .            (no gloves)
SInv    .            (boots unavailable)
Will    +....        h - amulet of magic regeneration
Stlth   +            o - ring of willpower
HPRegen 0.25/turn    (no ring)
MPRegen 0.50/turn

%: acrobat
@: no status effects
A: beak, talons 3, acrobatic
a: no special abilities


You were on level 4 of the Dungeon.
You visited 1 branch of the dungeon, and saw 4 of its levels.

You collected 71 gold pieces.

Inventory:

Hand Weapons
 a - a +0 mace
 i - a +1 heavy war axe (weapon)
Missiles
 s - 7 boomerangs
Armour
 b - a +0 robe
 d - an orb of light
 g - a +0 leather armour (worn)
Jewellery
 h - an amulet of magic regeneration (around neck)
 o - a ring of willpower (left hand)
 t - a ring of see invisible
 u - a ring of fire
Wands
 j - a wand of paralysis (10)
 m - a wand of iceblast (6)
 n - a wand of digging (4)
Scrolls
 f - a scroll of fog {unknown}
 l - a scroll of teleportation {unknown}
 p - a scroll of immolation {unknown}
 r - a scroll of enchant armour {unknown}
Potions
 c - a potion of ambrosia
 e - 3 potions of heal wounds {unknown}
 k - a potion of lignification {unknown}
 q - a potion of brilliance {unknown}


   Skills:
 - Level 3.0 Fighting
 * Level 4.9(5.6) Axes
 - Level 4.0(5.1) Maces & Flails
 - Level 4.0 Dodging


You had 4 spell levels left.
You didn't know any spells.
Your spell library contained the following spells:

 Spells                   Type           Power      Damage    Failure   Level
 Freeze                   Ice            0%         1d3       41%         1
 Sandblast                Erth           0%         2d4       41%         1
 Passwall                 Tmut/Erth      0%         N/A       56%         2
 Frozen Ramparts          Ice            0%         1d1       80%         3
 Hailstorm                Conj/Ice       0%         3d3       80%         3
 Stone Arrow              Conj/Erth      0%         3d7       80%         3


Dungeon Overview and Level Annotations

Branches:
Dungeon (4/15)
 Temple: D:4-7

Altars:
Xom
Zin

Annotations:
D:2 1 runed translucent door, Crazy Yiuf


Innate Abilities, Weirdness & Mutations

You have a beak for a mouth.
You have claws for feet.
You can magically evade attacks while moving or waiting.


Message History

Your peck misses the phantom.
The phantom is almost destroyed.
The phantom closely misses you. The phantom hits you.
The phantom blinks!
You blink.
You hit the phantom. You claw the phantom, but do no damage.
The phantom is almost destroyed.
The phantom barely misses you. x2
Unknown command.
You hit the phantom.
You destroy the phantom!
Your base Axes skill increases to level 4!
Unknown command.
The hobgoblin completely misses you.
You barely miss the hobgoblin. You claw the hobgoblin.
Your peck misses the hobgoblin.
The hobgoblin is almost dead.
The hobgoblin hits you but does no damage.
The hobgoblin hits you.
You slash the hobgoblin!
You kill the hobgoblin!
You pick up a book of Geomancy and begin reading...
You add the spells Sandblast, Passwall and Stone Arrow to your library.
HP restored.
An ogre comes into view. It is wielding a +0 giant club.
Found a bubbling amethyst potion.
The ogre shouts!
You completely miss the ogre. Your peck misses the ogre.
The ogre completely misses you.
You hit the ogre. You peck the ogre, but do no damage.
The ogre is lightly wounded.
The ogre closely misses you.
You hit the ogre. You claw the ogre.
The ogre is moderately wounded.
The ogre hits you with a +0 giant club!
You slash the ogre!
The ogre is severely wounded.
The ogre barely misses you.
The ogre hits you with a +0 giant club!!
Ouch! That really hurt!
You die...

#.... #.....# ## #8..!
#.###.# #... ##_#
#.....### .....
#######.....†.#......
..##........####......#
...........## ###.####
.##.......# # #
#.##.##.# # #@##.#
#.#... #O##.# ......
#.##.# .###.# .....# .#
#.#### ... #.# .### ..#
$# ### .#


You could see an ogre.

Vanquished Creatures
  A phantom (D:4)
  A hound (D:4)
  A sleepcap (D:3)
  3 adders
  A shadow imp (D:3)
  2 worms (D:2)
  2 dart slugs
  An orc (D:3)
  5 bats
  2 endoplasms
  3 giant cockroaches
  2 goblins (D:3)
  4 hobgoblins
  2 ball pythons
  A kobold (D:2)
  4 rats (D:2)
35 creatures vanquished.

Notes
Turn   | Place    | Note
-------+----------+-------------------------------------------
     0 | D:1      | Aneyh the Tengu Monk began the quest for the Orb.
     0 | D:1      | Reached XP level 1. HP: 14/14 MP: 2/2
     1 | D:1      | You fall into a shaft and drop 1 floor!
   228 | D:2      | Found a runed translucent door.
   229 | D:2      | Noticed Crazy Yiuf
   251 | D:2      | Found a shimmering altar of Xom.
   316 | D:2      | Reached XP level 2. HP: 19/19 MP: 3/3
   685 | D:2      | Reached XP level 3. HP: 18/23 MP: 4/4
   963 | D:3      | Reached skill level 1 in Axes
  1232 | D:3      | Reached XP level 4. HP: 26/28 MP: 5/5
  2066 | D:4      | Noticed a phantom
  2074 | D:4      | Reached XP level 5. HP: 32/32 MP: 6/6
  2074 | D:4      | Found a glowing silver altar of Zin.
  2077 | D:4      | Killed a phantom
  2096 | D:4      | Noticed an ogre
  2102 | D:4      | Mangled by an ogre

Illustrated notes

Levels and vault maps discovered:
D:1:      erik_arrival_blinker_ship, layout_rooms, chequers_avenue
D:2:      layout_basic, basic_altar, uniq_crazy_yiuf_cottage
D:3:      layout_basic
D:4:      layout_loops_cross, nicolae_overflow_hidden_temple

Skill      XL: |  1  2  3  4  5 |
---------------+----------------+-----
Maces & Flails | 4 |  4.0
Axes           | 2 3 4 |  4.9
Dodging        | 4 |  4.0
Fighting       | |  3.0

Action                     |  1- 3 |  4- 6 || total
---------------------------+-------+-------++-------
  Melee: Mace              |    46 |       ||    46
         Kick              |    17 |     6 ||    23
         Peck              |     9 |     3 ||    12
         War axe           |    28 |    25 ||    53
   Stab: Sleeping          |     1 |       ||     1
 Armour: Leather armour    |    39 |    17 ||    56
  Dodge: Dodged            |    77 |    28 ||   105

Table legend: (Time is in decaauts)
 A = Elapsed time spent in this place.
 B = Non-inter-level travel time spent in this place.
 C = Inter-level travel time spent in this place.
 D = Time resting spent in this place.
 E = Time spent auto-exploring this place.
 F = Levels seen in this place.
 G = Mean time per level.
                   A        B        C        D        E       F      G
               +--------+--------+--------+--------+--------+-----+--------+
         Total |   2162 |   2087 |     75 |    283 |   1307 |   4 |  540.5 |
       Dungeon |   2162 |   2087 |     75 |    283 |   1307 |   4 |  540.5 |
               +--------+--------+--------+--------+--------+-----+--------+

Top non-repeatable levels by time:
     D:3: 1284 daAuts
     D:2: 831 daAuts
     D:4: 44 daAuts
     D:1: 2 daAuts
